AoeStats
← Mew

Arabia

504788919Analyzed
1v1 RM · 26d ago on Sep 6, 2026· 24m 8s· 2 players
Game mode
Random Map
Map size
Tiny (2 player)
Population
200
Speed
Normal
Resources
Standard
Victory
Conquest
Starting age
Dark Age
Ending age
Imperial Age
RankedLock teamsTeams togetherTeam positionsShared explorationLock speedFull tech treeHidden civsTurbo modeCheats
Victory
Defeat
🇳🇴 Celts · Norway
881
+17
🇨🇭 Mongols · Switzerland
912
-17
ChaosP.
8:02 Loom
10:40 Feudal Age
13:27 Man-at-Arms
16:37 Castle Age
17:18 Long Swordsman
18:19 Forging
Mew
2:44 Loom
10:59 Feudal Age
15:39 Bloodlines
22:29 Castle Age
Connection lost

Rejoining the realm…

Still unreachable

The connection could not be restored.

Session expired

The server has moved on; the page needs a fresh start.